[Event "ICC tourney 2533 (25 5)"]
[Site "Internet Chess Club"]
[Date "2021.04.25"]
[Round "7"]
[White "WANG, ETHAN:K09-15914623"]
[Black "FRANKS, IAN:K09-15256952"]
[Result "1-0"]
[ICCResult "Black resigns"]
[WhiteElo "1409"]
[BlackElo "820"]
[Opening "Sicilian: Pin variation (Sicilian counter-attack)"]
[ECO "B29"]
[NIC "SI.43"]
[Time "15:03:00"]
[PlyCount "133"]
[TimeControl "1500+5"]

1. e4 c5 2. Nf3 Nf6 3. Nc3 e6 4. d4 cxd4 5. Nxd4 Bb4 6. Bd2 Bxc3 7. Bxc3
Nxe4 8. Bd2 Qf6 9. Be3 O-O 10. Bd3 Nc5 11. O-O Nxd3 12. Qxd3 Nc6 13. c3 b6
14. Nf3 d5 15. Qd2 h6 16. Rfe1 Ba6 17. Rad1 Na5 18. Bd4 Qe7 19. Re3 Nc4 20.
Qc1 Nxe3 21. Bxe3 Be2 22. Rd4 Bxf3 23. gxf3 Qf6 24. Rf4 Qg5+ 25. Rg4 Qh5
26. Bxh6 g6 27. Bxf8 Kxf8 28. Qf4 Kg7 29. Qd4+ f6 30. Qf4 Qe5 31. Qd2 Rh8
32. Rg3 Qh5 33. h3 Qf5 34. Kg2 Rh5 35. Qd4 Rg5 36. Rg4 Rxg4+ 37. fxg4 Qe4+
38. Qxe4 dxe4 39. Kf1 f5 40. Ke2 Kf6 41. Ke3 Kg5 42. f4+ exf3 43. Kxf3 e5
44. gxf5 gxf5 45. b4 Kh4 46. c4 Kxh3 47. c5 bxc5 48. bxc5 e4+ 49. Ke3 Kg3
50. c6 f4+ 51. Kxe4 f3 52. c7 f2 53. c8=Q f1=Q 54. Qg8+ Kf2 55. Qf8+ Ke2
56. Qxf1+ Kxf1 57. a4 Ke2 58. Kd5 Kd2 59. Kc5 Kc3 60. a5 Kb3 61. a6 Ka4 62.
Kc6 Ka5 63. Kb7 Kb5 64. Kxa7 Kc6 65. Kb8 Kb6 66. a7 Ka6 67. a8=Q+ { Black
resigns } 1-0

[Event "ICC tourney 2533 (25 5)"]
[Site "Internet Chess Club"]
[Date "2021.04.25"]
[Round "7"]
[White "GAW, CHLOE:K09-16608942"]
[Black "LIN, SYLVIA:K09-16713708"]
[Result "1-0"]
[ICCResult "Black resigns"]
[WhiteElo "1719"]
[BlackElo "934"]
[Opening "QGD: exchange, positional line"]
[ECO "D35"]
[NIC "QO.16"]
[Time "15:03:00"]
[PlyCount "51"]
[TimeControl "1500+5"]

1. d4 d5 2. c4 e6 3. Nc3 Nf6 4. cxd5 exd5 5. Bg5 Be7 6. e3 Be6 7. Bd3 Nbd7
8. Nge2 O-O 9. O-O h6 10. Bh4 c6 11. Rb1 Qc7 12. Bg3 Bd6 13. b4 Nh5 14.
Bxd6 Qxd6 15. b5 Rab8 16. bxc6 bxc6 17. Qc2 Nhf6 18. h3 Nb6 19. Rfc1 Nc4
20. Bxc4 dxc4 21. Nf4 a5 22. Na4 Rxb1 23. Rxb1 Bd5 24. Nc5 Rb8 25. Ne2 Rb5
26. e4 { Black resigns } 1-0

[Event "ICC tourney 2533 (25 5)"]
[Site "Internet Chess Club"]
[Date "2021.04.25"]
[Round "7"]
[White "IYER, ANEESH:K09-15577967"]
[Black "AMERINENI, SUNKRITH:K09-17355682"]
[Result "1-0"]
[ICCResult "Black checkmated"]
[WhiteElo "1146"]
[BlackElo "629"]
[Opening "Réti: King's Indian attack (Barcza system)"]
[ECO "A07"]
[NIC "QP.09"]
[Time "15:00:27"]
[PlyCount "69"]
[TimeControl "1500+5"]

1. Nf3 d5 2. g3 Bf5 3. d3 e6 4. Bg2 Bd6 5. Nbd2 Nf6 6. O-O c6 7. Qe1 Bg6 8.
e4 Bc7 9. e5 Nfd7 10. d4 c5 11. c3 Nc6 12. b3 cxd4 13. cxd4 Nb4 14. Qd1 Nc2
15. Rb1 Nxd4 16. Nxd4 Bxb1 17. Nxb1 Bxe5 18. Ba3 Bf6 19. Nb5 Be7 20. Bxe7
Kxe7 21. Qd2 Re8 22. Qb4+ Kf6 23. Qh4+ g5 24. Qh6+ Ke7 25. Qxg5+ Kf8 26.
Qh6+ Kg8 27. Nd2 Nf8 28. Rc1 Re7 29. Nf3 Ng6 30. Ng5 f6 31. Nxe6 Rxe6 32.
Nc7 Rd6 33. Nxa8 Qxa8 34. Rc7 Qf8 35. Qxh7# { Black checkmated } 1-0

[Event "ICC tourney 2533 (25 5)"]
[Site "Internet Chess Club"]
[Date "2021.04.25"]
[Round "7"]
[White "ALEXANDER MORGAN, CAMERON:K09-15934151"]
[Black "THOMAS HOMAN DORFMAN, JOSH:K09-16684523"]
[Result "0-1"]
[ICCResult "White checkmated"]
[WhiteElo "1111"]
[BlackElo "533"]
[Opening "Sicilian: Alapin's variation (2.c3)"]
[ECO "B22"]
[NIC "SI.46"]
[Time "15:03:22"]
[PlyCount "86"]
[TimeControl "1500+5"]

1. e4 c5 2. c3 e6 3. d4 cxd4 4. cxd4 Nf6 5. Nc3 Bb4 6. Bd3 Qb6 7. Nf3 d5 8.
exd5 Nxd5 9. Bd2 Nc6 10. Qa4 Bd7 11. a3 Nxd4 12. Qd1 Nxf3+ 13. Qxf3 Bxc3
14. Bxc3 Nxc3 15. bxc3 Bc6 16. Be4 Bxe4 17. Qxe4 O-O-O 18. Qe5 Qc6 19. Rg1
f6 20. Qg3 Rd7 21. Rd1 Rhd8 22. Rxd7 Rxd7 23. Ke2 Qd5 24. Qf3 Qd2+ 25. Kf1
Qc1+ 26. Ke2 Rd2+ 27. Ke3 Qxc3+ 28. Kf4 Rd4+ 29. Kg3 Rd3 30. Rc1 Rxf3+ 31.
gxf3 Qxc1 32. f4 Qxa3+ 33. Kg4 b5 34. f3 b4 35. f5 exf5+ 36. Kxf5 b3 37. f4
b2 38. h4 b1=Q+ 39. Ke6 Qe3+ 40. Kf7 Qb7+ 41. Kf8 Qee7+ 42. Kg8 g5 43. fxg5
Qg7# { White checkmated } 0-1

[Event "ICC tourney 2533 (25 5)"]
[Site "Internet Chess Club"]
[Date "2021.04.25"]
[Round "7"]
[White "MA, JUSTIN:K09-17058248"]
[Black "YANG XIAO, STEPHEN:K09-16490714"]
[Result "0-1"]
[ICCResult "White resigns"]
[WhiteElo "1111"]
[BlackElo "1612"]
[Opening "French: exchange variation"]
[ECO "C01"]
[NIC "FR.01"]
[Time "15:01:40"]
[PlyCount "100"]
[TimeControl "1500+5"]

1. e4 e6 2. d4 d5 3. exd5 exd5 4. Nc3 Nf6 5. Nf3 Bd6 6. Bg5 c6 7. Bd3 O-O
8. O-O Bg4 9. h3 Bh5 10. Re1 Nbd7 11. Bf5 Qc7 12. Qd3 Bg6 13. Re3 Bf4 14.
Re2 Bxg5 15. Nxg5 Qf4 16. Bxg6 Qxg5 17. Bf5 Nb6 18. Re3 Nc4 19. Rg3 Qh6 20.
b3 Nd6 21. Re1 Rfe8 22. Ree3 Rxe3 23. Rxe3 Qg5 24. Rf3 g6 25. Bg4 Nxg4 26.
hxg4 Qxg4 27. Rg3 Qf5 28. Qe2 Re8 29. Re3 Rxe3 30. Qxe3 Qxc2 31. Qe7 Qxc3
32. Qxd6 Qxd4 33. Qb8+ Kg7 34. Qxb7 Qc5 35. b4 Qb6 36. Qe7 Qd4 37. Qb7 Qc4
38. a3 d4 39. Qxa7 d3 40. Qa4 d2 41. Qd1 Qc1 42. Qxc1 dxc1=Q+ 43. Kh2 Qxa3
44. g4 Qxb4 45. g5 Qf4+ 46. Kh3 Qxg5 47. Kh2 Kf6 48. f3 Kf5 49. f4 Kxf4 50.
Kh1 Kf3 { White resigns } 0-1

[Event "ICC tourney 2533 (25 5)"]
[Site "Internet Chess Club"]
[Date "2021.04.25"]
[Round "7"]
[White "SAMMONS, EVAN:K09-16792076"]
[Black "TRAN, NUGEN:K09-16809941"]
[Result "1-0"]
[ICCResult "Black checkmated"]
[WhiteElo "1832"]
[BlackElo "1350"]
[Opening "Nimzo-Indian: classical variation"]
[ECO "E32"]
[NIC "NI.24"]
[Time "15:01:49"]
[PlyCount "49"]
[TimeControl "1500+5"]

1. d4 Nf6 2. c4 e6 3. Nc3 Bb4 4. Qc2 O-O 5. e4 c5 6. e5 cxd4 7. a3 Qa5 8.
exf6 dxc3 9. axb4 Qxa1 10. fxg7 Kxg7 11. Qxc3+ f6 12. Bd3 b6 13. Nf3 Bb7
14. O-O Qa4 15. b5 Bxf3 16. gxf3 a5 17. Kh1 Kf7 18. Qd4 Ke7 19. Be4 d5 20.
Bxd5 exd5 21. Re1+ Kf7 22. Qxd5+ Kg7 23. Rg1+ Kh8 24. Bh6 Nd7 25. Bg7# {
Black checkmated } 1-0

[Event "ICC tourney 2533 (25 5)"]
[Site "Internet Chess Club"]
[Date "2021.04.25"]
[Round "7"]
[White "PEDERSON, MASON:K09-16875620"]
[Black "Y NG, EUGENE:K09-17199947"]
[Result "0-1"]
[ICCResult "White resigns"]
[WhiteElo "913"]
[BlackElo "1359"]
[Opening "King's Indian: orthodox, Aronin-Taimanov variation (Yugoslav attack / Mar del Plata variation)"]
[ECO "E97"]
[NIC "KI.22"]
[Time "15:01:54"]
[PlyCount "56"]
[TimeControl "1500+5"]

1. d4 Nf6 2. c4 g6 3. Nc3 Bg7 4. e4 d6 5. Nf3 Nc6 6. Be2 O-O 7. O-O e5 8.
d5 Ne7 9. Be3 Ne8 10. h3 f5 11. Bg5 f4 12. b4 h6 13. Bxe7 Qxe7 14. Qd2 g5
15. Nh2 Nf6 16. Bg4 h5 17. Bxc8 Raxc8 18. c5 g4 19. hxg4 hxg4 20. Rae1 Bh6
21. Qe2 g3 22. Nf3 Nh5 23. Nd2 gxf2+ 24. Qxf2 Ng3 25. Nf3 Rf7 26. cxd6 cxd6
27. Ne2 Rc2 28. a3 Rg7 { White resigns } 0-1

[Event "ICC tourney 2533 (25 5)"]
[Site "Internet Chess Club"]
[Date "2021.04.25"]
[Round "7"]
[White "DELGADO, RAPHAEL:K09-15177176"]
[Black "CHIEN EN LIM, TIMOTHY:K09-16139198"]
[Result "1/2-1/2"]
[ICCResult "Game drawn by mutual agreement"]
[WhiteElo "913"]
[BlackElo "1846"]
[Opening "Sicilian: Alapin's variation (2.c3)"]
[ECO "B22"]
[NIC "SI.47"]
[Time "15:02:12"]
[PlyCount "106"]
[TimeControl "1500+5"]

1. e4 c5 2. c3 Nf6 3. e5 Nd5 4. d4 cxd4 5. cxd4 d6 6. f4 Nc6 7. Nf3 dxe5 8.
fxe5 Bg4 9. Be2 e6 10. O-O Be7 11. Na3 a6 12. Nc4 O-O 13. Ne3 Bh5 14. Nxd5
Qxd5 15. Be3 Rad8 16. a3 Na5 17. Rc1 b5 18. Nd2 Bxe2 19. Qxe2 Rc8 20. b4
Nb3 21. Rxc8 Rxc8 22. Nxb3 Qxb3 23. Qf3 f5 24. exf6 Bxf6 25. Qe4 Qd5 26.
Qxd5 exd5 27. Rf5 Rc3 28. Kf2 Kf7 29. Rxd5 Ke6 30. Rh5 Rxa3 31. d5+ Kd7 32.
Rxh7 Kd6 33. Rh5 Rd3 34. Bc5+ Kd7 35. g4 Bd4+ 36. Ke2 Re3+ 37. Kd2 Bxc5 38.
bxc5 Re4 39. Rg5 g6 40. Rxg6 Rd4+ 41. Kc3 Rxd5 42. Rxa6 Rxc5+ 43. Kb4 Rc4+
44. Kxb5 Rxg4 45. Rh6 Ke7 46. Kc5 Kf7 47. Kd5 Kg7 48. Rh3 Rg5+ 49. Ke4 Ra5
50. Rg3+ Kh7 51. Kf4 Rc5 52. Kg4 Kh6 53. Rh3+ Kg6 { Game drawn by mutual
agreement } 1/2-1/2

[Event "ICC tourney 2533 (25 5)"]
[Site "Internet Chess Club"]
[Date "2021.04.25"]
[Round "7"]
[White "ROMAN, DANIEL:K09-14934138"]
[Black "DANIEL SHIVELY, CAMERON:K09-15556578"]
[Result "1-0"]
[ICCResult "Black checkmated"]
[WhiteElo "1372"]
[BlackElo "787"]
[Opening "Ruy Lopez: Berlin defense"]
[ECO "C65"]
[NIC "RL.07"]
[Time "15:01:20"]
[PlyCount "101"]
[TimeControl "1500+5"]

1. e4 e5 2. Nf3 Nc6 3. Bb5 Nf6 4. d3 Bb4+ 5. Bd2 Bxd2+ 6. Qxd2 d6 7. O-O
Be6 8. c3 O-O 9. Re1 a6 10. Ba4 b5 11. Bc2 Rb8 12. d4 Bg4 13. Qe3 b4 14.
Nbd2 bxc3 15. bxc3 Rb2 16. Bd3 a5 17. Nc4 Rb7 18. d5 Ne7 19. Nxa5 Rb6 20.
Nd2 Qd7 21. Ndc4 Rb5 22. Nb3 Ra8 23. Nbd2 c6 24. Nb6 Rxb6 25. Qxb6 cxd5 26.
Bb5 Qc8 27. Qxd6 Ng6 28. c4 dxc4 29. Nxc4 Rb8 30. Ba6 Qe8 31. f3 Be6 32.
Nxe5 Nxe5 33. Qxe5 Qa4 34. Qxb8+ Qe8 35. Rab1 Kf8 36. Qxe8+ Nxe8 37. a4 Ba2
38. Rb8 Be6 39. Bb5 Ke7 40. Rxe8+ Kf6 41. Rxe6+ Kxe6 42. Bc4+ Kf6 43. Rb1
Kg6 44. a5 Kh6 45. a6 f5 46. a7 fxe4 47. a8=Q exf3 48. Qxf3 g5 49. Rb6+ Kg7
50. Qf7+ Kh8 51. Rb8# { Black checkmated } 1-0

[Event "ICC tourney 2533 (25 5)"]
[Site "Internet Chess Club"]
[Date "2021.04.25"]
[Round "7"]
[White "JONNALAGADDA, VISHNUSANKAR:K09-16457328"]
[Black "GHOSH, PRARTHAN:K09-15038196"]
[Result "1-0"]
[ICCResult "Black resigns"]
[WhiteElo "1408"]
[BlackElo "1916"]
[Opening "French: Steinitz, Boleslavsky variation"]
[ECO "C11"]
[NIC "FR.04"]
[Time "15:04:17"]
[PlyCount "62"]
[TimeControl "1500+5"]

1. e4 e6 2. d4 d5 3. Nc3 Nf6 4. e5 Nfd7 5. f4 c5 6. Nf3 Nc6 7. Be3 cxd4 8.
Nxd4 Be7 9. Qd2 O-O 10. O-O-O a6 11. g4 Qc7 12. h4 b5 13. g5 g6 14. h5 Nb6
15. hxg6 fxg6 16. Qh2 Rf7 17. Bd3 Rg7 18. Nce2 Nb4 19. Kb1 Nxd3 20. cxd3
Bd7 21. Qh6 Bf8 22. Rh2 a5 23. Rdh1 Rc8 24. Nc3 b4 25. Nd1 a4 26. Nf2 a3
27. Ng4 Ba4 28. Rc1 Qb7 29. Nxe6 axb2 30. Rxc8 Nxc8 31. Nf6+ Kf7 { Black
resigns } 1-0

[Event "ICC tourney 2533 (25 5)"]
[Site "Internet Chess Club"]
[Date "2021.04.25"]
[Round "7"]
[White "MATHIYAZHAGAN, ASHRITH:K09-15357100"]
[Black "ARJUN ARORA, PIERCE:K09-16016532"]
[Result "1-0"]
[ICCResult "Black checkmated"]
[WhiteElo "1581"]
[BlackElo "1016"]
[Opening "Pirc defense"]
[ECO "B07"]
[NIC "PU.08"]
[Time "15:01:37"]
[PlyCount "105"]
[TimeControl "1500+5"]

1. e4 d6 2. d4 Nf6 3. Nc3 Nbd7 4. f4 e5 5. Nf3 exd4 6. Nxd4 c5 7. Nf3 Be7
8. Be2 O-O 9. O-O Qb6 10. Kh1 a6 11. a4 Qc7 12. Be3 Ng4 13. Bg1 b6 14. Nd2
Ngf6 15. Bf3 Bb7 16. Qe2 Rfe8 17. Rad1 Bf8 18. Qf2 h6 19. h3 g6 20. Rfe1
Bg7 21. Bh2 Rad8 22. Nc4 d5 23. exd5 Rxe1+ 24. Rxe1 b5 25. f5 Qc8 26. Nd6
Qa8 27. fxg6 fxg6 28. axb5 axb5 29. Ndxb5 Bxd5 30. Nc7 Qc6 31. N7xd5 Qa6
32. Nc7 Qb6 33. N7b5 Kh7 34. Bc7 Qa6 35. Bxd8 Qc8 36. Bxf6 Nxf6 37. Qe3 Qf5
38. Be4 Nxe4 39. Qxe4 Qg5 40. b3 Qd2 41. Nd5 Qg5 42. Nd6 Qd8 43. Qe7 Qxe7
44. Rxe7 c4 45. bxc4 h5 46. c5 Kh6 47. c6 Bf8 48. c7 Bxe7 49. Nxe7 g5 50.
c8=Q g4 51. Qe6+ Kh7 52. Qf7+ Kh8 53. Qg8# { Black checkmated } 1-0

[Event "ICC tourney 2533 (25 5)"]
[Site "Internet Chess Club"]
[Date "2021.04.25"]
[Round "7"]
[White "ZHUANG, KYLE:K09-16368295"]
[Black "KRICK, OWEN:K09-16875635"]
[Result "1-0"]
[ICCResult "Black forfeits on time"]
[WhiteElo "1637"]
[BlackElo "1146"]
[Opening "Ruy Lopez: Caro variation"]
[ECO "C70"]
[NIC "RL.09"]
[Time "15:04:00"]
[PlyCount "41"]
[TimeControl "1500+5"]

1. e4 e5 2. Nf3 Nc6 3. Bb5 a6 4. Ba4 b5 5. Bb3 Nf6 6. Qe2 Bc5 7. d3 h6 8.
O-O O-O 9. c3 d5 10. Rd1 d4 11. Nbd2 Bg4 12. h3 Bh5 13. Nf1 Bg6 14. Ng3 a5
15. Nh4 Bh7 16. Nhf5 a4 17. Bc2 Ne7 18. Qf3 Qd6 19. Nxd6 Bxd6 20. Bxh6 Bg6
21. Bg5 { Black forfeits on time } 1-0

[Event "ICC tourney 2533 (25 5)"]
[Site "Internet Chess Club"]
[Date "2021.04.25"]
[Round "7"]
[White "R MEDINA, GAEL:K09-15685876"]
[Black "AWAD, STEELO:K09-16554876"]
[Result "1-0"]
[ICCResult "Black checkmated"]
[WhiteElo "1429"]
[BlackElo "876"]
[Opening "Pirc: classical (two knights) system"]
[ECO "B08"]
[NIC "PU.10"]
[Time "15:03:00"]
[PlyCount "97"]
[TimeControl "1500+5"]

1. e4 d6 2. d4 Nf6 3. Nc3 g6 4. Nf3 Bg7 5. Be3 O-O 6. Qd2 Nc6 7. O-O-O Bg4
8. Be2 a6 9. h3 Bd7 10. Bh6 b5 11. a3 b4 12. axb4 Nxb4 13. h4 a5 14. h5 Ng4
15. Bxg7 Kxg7 16. hxg6 hxg6 17. Ne5 dxe5 18. Bxg4 Rh8 19. Rxh8 Qxh8 20.
Bxd7 exd4 21. Qxd4+ f6 22. e5 Rd8 23. Qc5 Qf8 24. Qxa5 Ra8 25. Qxb4 Ra1+
26. Nb1 fxe5 27. b3 Qf4+ 28. Qxf4 exf4 29. Ba4 Ra2 30. Kd2 Kf6 31. Kc3 e5
32. Rc1 g5 33. Kb4 e4 34. Nc3 Rb2 35. Ka3 Rxc2 36. Rxc2 e3 37. fxe3 fxe3
38. Nd5+ Kf5 39. Nxe3+ Ke4 40. Re2 Kd3 41. Bb5+ Kc3 42. Nf5 c5 43. Re3+ Kd2
44. Rd3+ Kc2 45. b4 cxb4+ 46. Kxb4 g4 47. Ne3+ Kc1 48. Kb3 g3 49. Rd1# {
Black checkmated } 1-0

[Event "ICC tourney 2533 (25 5)"]
[Site "Internet Chess Club"]
[Date "2021.04.25"]
[Round "7"]
[White "MISHRA, ARYAN:K09-15817708"]
[Black "DAVID NAKADA, JOHJI:K09-15202138"]
[Result "1-0"]
[ICCResult "Black checkmated"]
[WhiteElo "1356"]
[BlackElo "1869"]
[Opening "Kevitz-Trajkovich defense"]
[ECO "A50"]
[NIC "QP.07"]
[Time "15:01:47"]
[PlyCount "115"]
[TimeControl "1500+5"]

1. d4 Nf6 2. c4 Nc6 3. Nf3 e6 4. Nc3 Bb4 5. Qc2 O-O 6. e3 d6 7. Bd3 e5 8.
O-O Bg4 9. Nd2 exd4 10. exd4 Nxd4 11. Qa4 Bxc3 12. bxc3 Ne2+ 13. Bxe2 Bxe2
14. Re1 Bd3 15. Nb3 b6 16. Bg5 Qd7 17. Qxd7 Nxd7 18. Re7 Rfd8 19. Rae1 f6
20. Bh4 Rac8 21. Nd4 Ne5 22. Ne6 Re8 23. Rxg7+ Kh8 24. Bxf6 Rxe6 25. Rxc7+
Rxf6 26. Rxc8+ Kg7 27. Rc7+ Rf7 28. Rxf7+ Kxf7 29. Rd1 Bxc4 30. Rxd6 Be6
31. f4 Nc4 32. Rd8 Na3 33. Rb8 Bd5 34. Kf2 Nb5 35. c4 Bxc4 36. Rb7+ Kg6 37.
a4 Bd5 38. Rd7 Bc6 39. Rd8 Na3 40. Rd6+ Kf5 41. Rxc6 Kxf4 42. Rh6 Nc4 43.
Rxh7 a5 44. Rh4+ Ke5 45. Rxc4 Kd5 46. Rc1 Kd4 47. Re1 Kc4 48. h4 Kb4 49. h5
Kxa4 50. h6 b5 51. h7 b4 52. h8=Q b3 53. Qa1+ Kb4 54. Re4+ Kb5 55. Qa4+ Ka6
56. Qa3 b2 57. Qxb2 a4 58. Rxa4# { Black checkmated } 1-0

[Event "ICC tourney 2533 (25 5)"]
[Site "Internet Chess Club"]
[Date "2021.04.25"]
[Round "7"]
[White "RAMASAMY, KAVIN:K09-16465450"]
[Black "WANG, JOSEPH Y:K09-15722256"]
[Result "1-0"]
[ICCResult "Black resigns"]
[WhiteElo "915"]
[BlackElo "1419"]
[Opening "Réti: King's Indian attack"]
[ECO "A05"]
[NIC "QP.11"]
[Time "15:02:00"]
[PlyCount "87"]
[TimeControl "1500+5"]

1. Nf3 Nf6 2. g3 g6 3. Bg2 Bg7 4. O-O d6 5. d3 O-O 6. Nbd2 Nbd7 7. e4 e5 8.
b3 a5 9. Bb2 Nc5 10. Re1 Ne8 11. d4 exd4 12. Bxd4 Bxd4 13. Nxd4 c6 14. N4f3
f5 15. e5 dxe5 16. Rxe5 Ne6 17. Nc4 Nf6 18. h3 b5 19. Ne3 Nc7 20. Ng5 Bb7
21. Ne6 Nxe6 22. Rxe6 Nd5 23. Nxd5 cxd5 24. Re5 Qf6 25. Bxd5+ Bxd5 26. Rxd5
Rad8 27. Rxd8 Rxd8 28. Qf1 Qc3 29. Rd1 Rd2 30. Rxd2 Qxd2 31. Qxb5 Qxc2 32.
Qxa5 Qc1+ 33. Kg2 Qc6+ 34. Kh2 Qf3 35. Qc5 Kg7 36. b4 Qa3 37. Qa5 Qb2 38.
Qa7+ Kh6 39. a3 Qb3 40. Qe3+ Qxe3 41. fxe3 Kg7 42. b5 Kf7 43. b6 Ke7 44. b7
{ Black resigns } 1-0

[Event "ICC tourney 2533 (25 5)"]
[Site "Internet Chess Club"]
[Date "2021.04.25"]
[Round "7"]
[White "C JOURA, JOHN:K09-16650651"]
[Black "OHLY, OLIVER:K09-16469982"]
[Result "0-1"]
[ICCResult "White checkmated"]
[WhiteElo "994"]
[BlackElo "1525"]
[Opening "Sicilian: Canal-Sokolsky attack, 3...Bd7"]
[ECO "B52"]
[NIC "SI.01"]
[Time "15:04:17"]
[PlyCount "84"]
[TimeControl "1500+5"]

1. e4 c5 2. Nf3 d6 3. Bb5+ Bd7 4. Bxd7+ Nxd7 5. d4 cxd4 6. Nxd4 Ngf6 7. Nc3
g6 8. Be3 Bg7 9. Qd2 Ng4 10. h3 Nxe3 11. Qxe3 O-O 12. O-O Rc8 13. Rad1 Re8
14. Qg5 Rc4 15. Nf3 h6 16. Qe3 a6 17. Nd4 Qb6 18. Nde2 Qxb2 19. Rd3 Nc5 20.
Rb1 Qa3 21. Nb5 Qxa2 22. Nbc3 Bxc3 23. Rxc3 Qxb1+ 24. Kh2 Rxc3 25. Nxc3
Qxc2 26. Nd5 Qxe4 27. Qxe4 Nxe4 28. f3 Nc5 29. Kg3 a5 30. Nc3 a4 31. Nb5
Ra8 32. h4 a3 33. Nxa3 Rxa3 34. Kg4 h5+ 35. Kg5 Ne6+ 36. Kh6 g5 37. g4 b5
38. gxh5 b4 39. hxg5 Nxg5 40. f4 f6 41. f5 Nf7+ 42. Kg6 Rg3# { White
checkmated } 0-1

[Event "ICC tourney 2533 (25 5)"]
[Site "Internet Chess Club"]
[Date "2021.04.25"]
[Round "7"]
[White "LI, EDWARD:K09-16292831"]
[Black "VIBHAV BONDALAPATI, SRI:K09-16633657"]
[Result "0-1"]
[ICCResult "White resigns"]
[WhiteElo "1595"]
[BlackElo "1101"]
[Opening "Sicilian: Labourdonnais-Löwenthal (Kalashnikov) variation"]
[ECO "B32"]
[NIC "SI.32"]
[Time "15:01:34"]
[PlyCount "70"]
[TimeControl "1500+5"]

1. e4 c5 2. Nf3 Nc6 3. d4 cxd4 4. Nxd4 e5 5. Nb5 d6 6. N1c3 a6 7. Na3 Nf6
8. Bg5 Be7 9. Nc4 Nd4 10. Be3 b5 11. Nd2 Nc6 12. f3 O-O 13. Be2 Be6 14. Nb3
d5 15. exd5 Nxd5 16. Nxd5 Bxd5 17. O-O Bxb3 18. axb3 Nb4 19. Qb1 Nd5 20.
Rd1 Nxe3 21. Rxd8 Rfxd8 22. Bd3 Bc5 23. Kh1 Rd6 24. Qe1 Rad8 25. b4 Bd4 26.
Rb1 f5 27. g3 Rh6 28. Qe2 Re6 29. c4 e4 30. fxe4 fxe4 31. Bc2 Nxc4 32. Bxe4
Kh8 33. Qc2 Rde8 34. Bd3 Re1+ 35. Kg2 Ne3+ { White resigns } 0-1

[Event "ICC tourney 2533 (25 5)"]
[Site "Internet Chess Club"]
[Date "2021.04.25"]
[Round "7"]
[White "KAMISETTY, NIKHIL:K09-15482975"]
[Black "KURIAN ABHILASH, ALEN:K09-17188617"]
[Result "1/2-1/2"]
[ICCResult "Game drawn by mutual agreement"]
[WhiteElo "1452"]
[BlackElo "1040"]
[Opening "English: Sicilian reversed"]
[ECO "A25"]
[NIC "EO.23"]
[Time "15:00:30"]
[PlyCount "72"]
[TimeControl "1500+5"]

1. c4 e5 2. Nc3 Nc6 3. e3 Nf6 4. g3 Bc5 5. Bg2 d6 6. h3 Be6 7. b3 d5 8.
cxd5 Nxd5 9. Nge2 Qd7 10. Bb2 Ndb4 11. d4 exd4 12. Na4 Bb6 13. Nxb6 axb6
14. Nxd4 O-O 15. a3 Nxd4 16. Bxd4 Nc6 17. b4 Nxd4 18. Qxd4 Qxd4 19. exd4 c6
20. O-O Rad8 21. Rfd1 Bd5 22. Rac1 Bxg2 23. Kxg2 Rd5 24. Rc3 Rfd8 25. Rcd3
c5 26. bxc5 bxc5 27. Rb3 Rxd4 28. Rxd4 cxd4 29. Rxb7 d3 30. Rb1 d2 31. Rd1
Rd3 32. a4 g6 33. a5 Kg7 34. a6 h5 35. a7 Ra3 36. Rxd2 Rxa7 { Game drawn by
mutual agreement } 1/2-1/2

[Event "ICC tourney 2533 (25 5)"]
[Site "Internet Chess Club"]
[Date "2021.04.25"]
[Round "7"]
[White "BALAJI IYER, SHRINIVAS:K09-16691948"]
[Black "PRASAD DAS, BISHAL:K09-17120700"]
[Result "1-0"]
[ICCResult "Black checkmated"]
[WhiteElo "1443"]
[BlackElo "797"]
[Opening "Two knights defense"]
[ECO "C58"]
[NIC "KP.01"]
[Time "15:02:44"]
[PlyCount "133"]
[TimeControl "1500+5"]

1. e4 e5 2. Nf3 Nc6 3. Bc4 Nf6 4. Ng5 d5 5. exd5 Na5 6. Bb5+ Bd7 7. Bxd7+
Qxd7 8. Nc3 Bb4 9. O-O Bxc3 10. dxc3 O-O-O 11. d6 Qxd6 12. Qxd6 Rxd6 13.
Nxf7 Rhd8 14. Nxd8 Rxd8 15. Bg5 Nc4 16. Bxf6 gxf6 17. b3 Nb6 18. Rfd1 Rg8
19. Rd3 e4 20. Rd4 f5 21. Rad1 h5 22. g3 Re8 23. Re1 c6 24. c4 Nd7 25. Re3
Ne5 26. Rd6 Rf8 27. Re6 Nf3+ 28. Kg2 Nd4 29. Rh6 Nxc2 30. Re2 Nd4 31. Rd2
Nf3 32. Rdd6 Ne1+ 33. Kf1 Nf3 34. Rxh5 Kc7 35. Rdh6 Rd8 36. Rxf5 Rd1+ 37.
Kg2 Rg1+ 38. Kh3 Rh1 39. Kg4 Rd1 40. c5 Rd7 41. Rfh5 Rg7+ 42. Kf5 Rf7+ 43.
Kxe4 Nd2+ 44. Kd3 Rd7+ 45. Kc2 Ne4 46. Rh7 Rxh7 47. Rxh7+ Kc8 48. Rf7 Nxc5
49. h4 Kd8 50. h5 Ke8 51. Rf4 Ne6 52. Rh4 Kf8 53. h6 Kg8 54. Re4 Ng5 55.
Rg4 Kh7 56. Rxg5 Kxh6 57. Rg4 Kh5 58. Rg8 Kh6 59. f4 Kh7 60. Rg4 Kh6 61. f5
c5 62. f6 c4 63. f7 cxb3+ 64. axb3 a5 65. f8=Q+ Kh5 66. Qf5+ Kh6 67. Qg6# {
Black checkmated } 1-0

[Event "ICC tourney 2533 (25 5)"]
[Site "Internet Chess Club"]
[Date "2021.04.25"]
[Round "7"]
[White "WANG, OLLI:K09-17042860"]
[Black "MURUGAN AYYAPPAN, AADARSINI:K09-16041583"]
[Result "0-1"]
[ICCResult "White checkmated"]
[WhiteElo "958"]
[BlackElo "1544"]
[Opening "French: exchange variation"]
[ECO "C01"]
[NIC "FR.01"]
[Time "15:03:59"]
[PlyCount "130"]
[TimeControl "1500+5"]

1. e4 e6 2. d4 d5 3. exd5 exd5 4. Nc3 Nf6 5. Nf3 Bb4 6. Bd2 Nc6 7. Bb5 Bd7
8. O-O O-O 9. Re1 a6 10. Bxc6 Bxc6 11. Ne5 Bd7 12. a3 Bd6 13. Bg5 Be7 14.
Bxf6 Bxf6 15. Nxd5 Bxe5 16. dxe5 c6 17. Nf4 Re8 18. Qh5 Qc7 19. Rad1 Be6
20. Qg5 Qe7 21. Qg3 Bf5 22. Nh5 Bg6 23. Qg4 Qc5 24. Qe2 Qxc2 25. Qxc2 Bxc2
26. Rd2 Bg6 27. Nf4 Rad8 28. Rde2 Kf8 29. Nxg6+ hxg6 30. h3 Rd5 31. e6 fxe6
32. Rxe6 Rxe6 33. Rxe6 Kf7 34. Re2 Kf6 35. g4 Re5 36. Re3 Rxe3 37. fxe3 Ke5
38. Kf2 Ke4 39. Ke2 g5 40. b3 c5 41. a4 b5 42. axb5 axb5 43. Kf2 c4 44.
bxc4 bxc4 45. Ke2 c3 46. Kd1 Kxe3 47. Kc2 Kf3 48. Kxc3 Kg3 49. Kd4 Kxh3 50.
Ke5 Kxg4 51. Ke4 Kg3 52. Ke3 g4 53. Ke4 Kh2 54. Kf4 g3 55. Kf3 g2 56. Kf4
g1=Q 57. Kf5 Qd4 58. Kg6 Qd5 59. Kxg7 Qe6 60. Kf8 Qd7 61. Kg8 Kg3 62. Kf8
Kg4 63. Kg8 Kg5 64. Kf8 Kg6 65. Kg8 Qg7# { White checkmated } 0-1

[Event "ICC tourney 2533 (25 5)"]
[Site "Internet Chess Club"]
[Date "2021.04.25"]
[Round "7"]
[White "PRANAV SOMAROUTHU, SREE:K09-16401676"]
[Black "PARKS CHURCH, OWEN:K09-15268150"]
[Result "0-1"]
[ICCResult "White checkmated"]
[WhiteElo "834"]
[BlackElo "1334"]
[Opening "Nimzo-Indian defense"]
[ECO "E20"]
[NIC "NI.30"]
[Time "15:03:00"]
[PlyCount "64"]
[TimeControl "1500+5"]

1. d4 Nf6 2. c4 e6 3. Nc3 Bb4 4. Bf4 Bxc3+ 5. bxc3 O-O 6. Nf3 d5 7. e3 Nbd7
8. Be2 b6 9. O-O Bb7 10. Qd3 c5 11. cxd5 exd5 12. Bg5 h6 13. Bh4 Qc8 14. c4
Ba6 15. Qc2 cxd4 16. exd4 Bxc4 17. Bxc4 Qxc4 18. Qxc4 dxc4 19. Bxf6 Nxf6
20. Rfe1 Rac8 21. Re7 c3 22. Rc1 b5 23. Rxa7 Rfe8 24. Kf1 b4 25. Rb7 Nd5
26. Rc2 Ra8 27. Ne5 Rab8 28. Rd7 f6 29. Nc6 b3 30. axb3 Rxb3 31. Rxd5 Rb1+
32. Rc1 Rxc1# { White checkmated } 0-1